 Dungeon Crawl Stone Soup version 0.28-a0-1567-g1695149f81 (webtiles) character file.

Game seed: 6109383227194397789

178 sizableburger the Gusty (level 5, -6/43 HPs)
             Began as a Naga Air Elementalist on Jan 20, 2022.
             Mangled by Pikel (10 damage)
             ... on level 4 of the Dungeon.
             The game lasted 00:08:29 (3915 turns).

sizableburger the Gusty (Naga Air Elementalist)     Turns: 3915, Time: 00:08:29

Health: -6/43      AC:  3    Str: 10    XL:     5   Next: 58%
Magic:  2/9        EV: 10    Int: 17    God:
Gold:   71         SH:  0    Dex: 12    Spells: 0/10 levels left

rFire   . . .      SeeInvis +   c - +3 dagger (venom)
rCold   . . .      Faith    .   (no shield)
rNeg    . . .      Spirit   .   a - +0 robe
rPois   +          Reflect  .   (no helmet)
rElec   .          Harm     .   (no cloak)
rCorr   .          Rampage  .   h - +0 pair of gloves
Will    +....                   (no barding)
Stlth   ++........              (no amulet)
HPRegen 0.14/turn               o - ring of willpower
MPRegen 0.11/turn               (no ring)

@: hasted, quick
A: AC +1, large, see invisible, deformed body, poison resistance, slowness 2,
spit poison 1, naga tail 1
a: Spit Poison


You were on level 4 of the Dungeon.
You visited 1 branch of the dungeon, and saw 4 of its levels.

You collected 71 gold pieces.

Inventory:

Hand Weapons
 c - a +3 dagger of venom (weapon)
Armour
 a - a +0 robe (worn)
 h - a +0 pair of gloves (worn)
Magical Staves
 k - a staff of conjuration
Jewellery
 o - a ring of willpower (left hand)
Wands
 g - a wand of charming (12)
Scrolls
 e - a scroll of amnesia
 j - a scroll of silence
 p - a scroll of fog {unknown}
 q - a scroll of enchant weapon {unknown}
 r - a scroll of immolation {unknown}
 s - a scroll of noise {unknown}
Potions
 b - a potion of experience {unknown}
 f - a potion of invisibility {unknown}
 i - a potion of haste
 l - a potion of flight {unknown}


   Skills:
 + Level 0.8 Fighting
 - Level 2.1 Short Blades
 - Level 1.7 Dodging
 - Level 3.0 Stealth
 - Level 3.1 Spellcasting
 - Level 3.0 Conjurations
 + Level 3.5 Air Magic


You couldn't memorise any spells.
You knew the following spells:

 Your Spells              Type           Power      Damage    Failure   Level
a - Shock                 Conj/Air       52%        1d6       4%          1
b - Static Discharge      Conj/Air       13%        N/A       7%          2
c - Swiftness             Air            14%        N/A       12%         3
d - Airstrike             Air            7%         N/A       38%         4

Your spell library contained the following spells:

 Spells                   Type           Power      Damage    Failure   Level
 Iskenderun's Battlesphe  Conj           12%        2d7       80%         5
 Fireball                 Conj/Fire      3%         3d4       95%         5
 Conjure Ball Lightning   Conj/Air       6%         3x3d6     100%        6
 Orb of Destruction       Conj           6%         9d6       100%        7


Dungeon Overview and Level Annotations

Branches:
Dungeon (4/15)
 Temple: D:4-7

Altars:

Annotations:
D:3 2 transporters
D:4 1 runed translucent door, Pikel; Xenoroth's ghost, amateur OgBe


Innate Abilities, Weirdness & Mutations

Your serpentine skin is tough. (AC +1)
You have supernaturally acute eyesight. (SInv)
Armour fits poorly on your strangely shaped body.
Your system is resistant to poisons. (rPois)
You cover ground very slowly.
You can spit poison.
You have a snake-like lower body.


Message History

Pikel is severely wounded.
The zap misses Pikel.
Pikel hits you with a +2 whip of electrocution!
* * * LOW HITPOINT WARNING * * *
You feel better.
Pikel cracks his whip.
Pikel hits you with a +2 whip of electrocution.
A lemure comes into view.
You feel better.
The lemure shouts! x2
Pikel hits you but does no damage.
You hear a shout!
Casting: Shock (safe; 4% risk of failure)
Confirm with . or Enter, or press ? or * to list all spells.
Aiming: Shock (safe; 4% risk of failure)
Press: ? - help, Shift-Dir - straight line The zap hits Pikel.
Pikel is severely wounded.
The zap misses the lemure.
The zap hits the lemure.
The lemure is lightly wounded.
The zap misses Pikel.
Pikel hits you with a +2 whip of electrocution!
* * * LOW HITPOINT WARNING * * *
You feel better.
Pikel hits you with a +2 whip of electrocution.
* * * LOW HITPOINT WARNING * * *
The lemure hits you.
* * * LOW HITPOINT WARNING * * *
As you read the scroll labelled EMYCRI VINU, it crumbles to dust.
You speak a Word of immense power!
The lemure convulses!
You kill the lemure!
That felt strangely unrewarding.
It was a scroll of holy word.
Pikel barely misses you.
Okay, then.
Okay, then.
It was a potion of haste.
You feel yourself speed up.
Pikel hits you with a +2 whip of electrocution.
* * * LOW HITPOINT WARNING * * *
You are electrocuted!
You die...

##...##'##########..#.....#
#.........#.........'.....#
##........#.........#.....#
##........#.........#.....#
#.........#.........#.....#
#.........#.........#.....#
#.........#.........#.....#
##....##5##'##.#..#.#......
######..K@..##############
#..)...# # #......# #
#......# # #......# ###
######## #.. #.. #.. #..


You could see Pikel and a lemure.

Vanquished Creatures
  2 lemures (D:4)
  A water moccasin skeleton (D:4)
  Natasha (D:3)
  A howler monkey skeleton (D:4)
  2 adders (D:4)
  An ufetubus (D:4)
  2 worms (D:2)
  2 dart slugs (D:2)
  2 orcs
  7 ball pythons
  6 bats
  9 endoplasms
  2 giant cockroaches (D:1)
  3 goblins
  6 hobgoblins
  6 kobolds
  A quokka (D:2)
  3 frilled lizards
  6 rats
63 creatures vanquished.

Vanquished Creatures (others)
  2 withered plants (D:4)
2 creatures vanquished.

Grand Total: 65 creatures vanquished

Notes
Turn   | Place    | Note
-------+----------+-------------------------------------------
     0 | D:1      | sizableburger the Naga Air Elementalist began the quest for
                  | the Orb.
     0 | D:1      | Reached XP level 1. HP: 15/15 MP: 3/3
   395 | D:1      | Reached XP level 2. HP: 22/22 MP: 3/5
   781 | D:1      | Learned a level 2 spell: Static Discharge
  1274 | D:1      | Reached XP level 3. HP: 22/28 MP: 1/6
  1663 | D:2      | Reached skill level 1 in Short Blades
  2292 | D:3      | Found a faded altar of an unknown god.
  2357 | D:3      | Reached XP level 4. HP: 36/36 MP: 4/7
  2437 | D:3      | Found a transporter.
  2565 | D:3      | Found a transporter.
  2664 | D:3      | Noticed Natasha
  2667 | D:3      | Killed Natasha
  2727 | D:3      | Noticed a water moccasin
  3043 | D:4      | Reached XP level 5. HP: 24/42 MP: 9/9
  3172 | D:4      | Learned a level 3 spell: Swiftness
  3177 | D:4      | Learned a level 4 spell: Airstrike
  3197 | D:4      | Found a runed translucent door.
  3197 | D:4      | Noticed Xenoroth's ghost (amateur OgBe)
  3530 | D:4      | Noticed Pikel
  3530 | D:4      | Noticed a lemure
  3543 | D:4      | Noticed a lemure
  3567 | D:4      | Killed a lemure
  3747 | D:4      | Noticed a necrophage
  3910 | D:4      | Noticed a lemure
  3914 | D:4      | Killed a lemure
  3915 | D:4      | Mangled by Pikel

Illustrated notes

Levels and vault maps discovered:
D:1:      dpeg_arrival_shrine, layout_loops_ring
D:2:      layout_rooms, grunt_ministairs_14
D:3:      gammafunk_steamed_eel, layout_basic,
          hellmonk_ecumenical_altar_run_dry, uniq_grinder, uniq_natasha
D:4:      layout_gridville, gammafunk_ghost_grave, minmay_starry_boxes,
          uniq_pikel, uniq_edmund

Skill      XL: |  1  2  3  4  5 |
---------------+----------------+-----
Short Blades   | 1 2 |  2.1
Conjurations   | 2 3 |  3.0
Spellcasting   | 3 |  3.1
Fighting       | |  0.8
Dodging        | |  1.7
Stealth        | |  3.0
Air Magic      | |  3.5

Action                   |  1- 3 |  4- 6 || total
-------------------------+-------+-------++-------
Melee: Dagger            |     7 |    38 ||    45
       Punch             |       |     1 ||     1
 Cast: Shock             |    69 |    30 ||    99
       Static Discharge  |       |     2 ||     2
 Abil: Spit Poison       |     4 |     3 ||     7
  Use: Scroll            |       |     6 ||     6
       Potion            |       |     4 ||     4
 Stab: Sleeping          |       |     1 ||     1
Armor: Robe              |     8 |    16 ||    24
Dodge: Dodged            |    26 |    49 ||    75

Table legend: (Time is in decaauts)
 A = Elapsed time spent in this place.
 B = Non-inter-level travel time spent in this place.
 C = Inter-level travel time spent in this place.
 D = Time resting spent in this place.
 E = Time spent auto-exploring this place.
 F = Levels seen in this place.
 G = Mean time per level.
                   A        B        C        D        E       F      G
               +--------+--------+--------+--------+--------+-----+--------+
         Total |   4639 |   4469 |    170 |   1124 |   2696 |   4 | 1159.8 |
       Dungeon |   4639 |   4469 |    170 |   1124 |   2696 |   4 | 1159.8 |
               +--------+--------+--------+--------+--------+-----+--------+

Top non-repeatable levels by time:
     D:1: 1667 daAuts
     D:4: 1056 daAuts
     D:2: 1028 daAuts
     D:3: 888 daAuts
